Map: Twilight Fortress

Players

sugubatul

  • Race: Zerg Zerg
  • Spawn Location: 7:00

Theseues - Winner!

  • Race: Terran Terran
  • Spawn Location: 1:00

VOD

Have the link to the VOD?

Description

Time

  • Played on: July 7, 2024, 6:41 a.m.
  • Length: 17:49
Show
View Real Time Build Order
Export as new Build Order

sugubatul Zerg 

Build Orders: Pool First 

Get SALT Encoding   

  12  0:00  Drone  
  13  0:12  Overlord  
  13  0:19  Drone  
  14  0:31  Drone x2  
  14  0:35  Drone  
  17  0:49  Spawning Pool  
  16  1:12  Hatchery  
  16  1:14  Drone  
  16  1:17  Drone  
  16  1:18  Drone  
  18  1:21  Extractor  
  17  1:38  Queen  
  20  1:40  Zergling x4  
  21  1:51  Overlord  
  21  1:58  Drone  
  22  2:12  Drone  
  22  2:14  Queen  
  25  2:22  Drone  
  26  2:29  Roach Warren  
  25  2:30  Overlord  
  25  2:33  Drone  
  26  2:44  Drone  
  26  2:48  Drone x3  
  29  3:25  Drone x3  
  32  3:31  Lair  
  32  3:40  Drone x3  
  35  3:45  Drone, Hatchery  
  35  3:55  Overlord  
  35  4:00  Drone x2  
  35  4:01  Drone  
  35  4:02  Drone  
  39  4:07  Drone, Roach  
  39  4:08  Roach  
  44  4:37  Evolution Chamber  
  43  4:39  Extractor  
  43  4:44  Roach  
  43  4:45  Roach x4  
  52  4:47  Overlord  
  52  4:49  Overlord x2  
  52  5:07  Drone x2  
  52  5:08  Roach  
  52  5:09  Roach x2  
  52  5:11  Drone  
  52  5:12  Queen, Drone  
  64  5:18  Drone  
  65  5:23  Overlord  
  67  5:35  Zerg Missile Weapons Level 1  
  65  5:40  Drone x2  
  67  5:45  Extractor  
  67  5:46  Extractor  
  67  5:47  Drone x2  
  67  5:53  Drone x2  
  67  5:54  Drone x3  
  67  5:55  Drone x2  
  74  6:01  Extractor  
  74  6:04  Extractor  
  72  6:13  Drone  
  72  6:14  Drone x2  
  75  6:19  Roach  
  75  6:20  Roach x4  
  85  6:40  Roach  
  85  6:41  Roach  
  85  6:42  Overlord  
  85  6:43  Overlord x3  
  89  6:49  Infestation Pit  
  88  6:57  Hydralisk Den  
  87  7:01  Drone  
  87  7:02  Drone x4  
  87  7:08  Drone  
  93  7:10  Roach  
  93  7:11  Roach x4  
  93  7:14  Glial Reconstitution  
  103  7:23  Roach  
  103  7:26  Drone x3  
  103  7:29  Zerg Ground Armor Level 1  
  108  7:32  Hydralisk  
  110  7:39  Hydralisk  
  110  7:40  Hydralisk x4  
  120  7:46  Drone x2  
  121  8:15  Drone  
  121  8:17  Overlord x2  
  121  8:18  Overlord x3  
  122  8:35  Drone x2  
  122  8:36  Drone x6  
  130  8:41  Overlord x2, Hydralisk  
  130  8:42  Hydralisk x3  
  130  8:45  Hydralisk x3  
  130  8:46  Hydralisk x3  
  150  9:02  Hatchery  
  149  9:03  Hydralisk  
  149  9:04  Hydralisk x4  
  159  9:17  Ravager  
  159  9:18  Ravager x6  
  159  9:19  Ravager  
  159  9:24  Zerg Melee Weapons Level 1  
  167  9:27  Hatchery, Zergling x12  
  167  9:30  Overlord x2  
  167  9:31  Overlord x2  
  172  9:44  Queen  
  174  9:56  Roach x4, Swarm Host  
  185  10:10  Muscular Augments  
  185  10:15  Drone  
  185  10:19  Queen  
  188  10:25  Queen  
  188  10:26  Drone  
  191  10:40  Drone  
  191  10:42  Drone  
  193  10:45  Roach x2  
  197  11:14  Grooved Spines  
  197  11:17  Zerg Missile Weapons Level 2  
  96  11:43  Drone  
  96  11:44  Drone x2  
  83  11:49  Hydralisk  
  83  11:50  Hydralisk x3  
  83  11:53  Hydralisk  
  83  11:54  Hydralisk x3  
  93  11:58  Overlord  
  93  11:59  Hydralisk x5  
  109  12:10  Drone x3  
  109  12:14  Drone x2  
  114  12:17  Drone x2  
  114  12:22  Hydralisk x2  
  120  12:31  Drone x4  
  120  12:32  Queen, Drone  
  120  12:35  Drone x2  
  129  12:41  Hydralisk x4  
  137  12:56  Roach  
  137  12:57  Roach x2  
  143  13:00  Roach x6  
  143  13:01  Roach  
  129  13:23  Roach x3  
  129  13:25  Roach x6  
  137  13:31  Roach x6  
  137  13:33  Roach  
  137  13:34  Roach x2  
  155  13:41  Roach  
  155  13:42  Roach x5  
  91  14:22  Roach x7  
  91  14:24  Hatchery  
  85  14:29  Hydralisk x2  
  85  14:33  Hatchery  
  70  14:44  Roach x3  
  72  14:52  Hatchery  
  63  14:54  Drone  
  46  15:05  Zergling x10  
  50  15:18  Zergling x2  
  51  15:34  Overlord  
  51  15:35  Overlord x4  
  19  16:05  Queen  
  19  16:08  Queen  
  19  16:10  Queen  
  19  16:13  Drone x3  
  19  16:15  Drone x2  
  24  16:31  Drone  
  25  16:38  Zergling x6  
  25  16:39  Zergling x4  
  28  16:41  Queen  
  28  16:43  Queen  
  28  16:46  Drone x3  
  33  16:53  Overlord  
  24  16:54  Overlord x2  
  19  17:08  Drone x3  
Show
View Real Time Build Order
Export as new Build Order

Theseues Terran - Winner!

Build Orders:  

Get SALT Encoding   

  12  0:01  SCV  
  13  0:13  SCV  
  14  0:17  Supply Depot  
  14  0:25  SCV  
  15  0:39  SCV  
  15  0:41  Barracks  
  16  0:51  Refinery, SCV  
  17  1:03  SCV  
  18  1:15  SCV  
  19  1:19  Barracks  
  19  1:27  SCV  
  19  1:29  Bunker  
  19  1:30  Marine  
  21  1:39  SCV  
  22  1:43  Supply Depot  
  22  1:48  Marine  
  23  1:58  Orbital Command  
  23  2:12  Barracks Reactor  
  23  2:14  Barracks Tech Lab  
  23  2:33  Command Center  
  23  2:35  Stimpack  
  23  2:44  Bunker, Marine  
  24  2:53  Marine x2  
  26  3:02  Marauder  
  26  3:03  Supply Depot  
  26  3:29  Marine x2  
  28  3:37  Marauder  
  30  3:41  SCV  
  30  3:47  Marine x2  
  33  3:58  Marauder  
  33  3:59  Factory  
  35  4:05  Marine  
  36  4:10  Orbital Command  
  36  4:15  SCV, Concussive Shells  
  37  4:20  Marauder  
  39  4:27  SCV  
  39  4:31  Marine x2  
  42  4:41  Marauder  
  44  4:47  Starport  
  44  4:48  Factory Tech Lab  
  44  4:50  Engineering Bay  
  44  5:00  Refinery  
  44  5:08  Command Center  
  44  5:12  SCV, Refinery  
  45  5:22  SCV  
  45  5:24  SCV  
  45  5:26  Starport Reactor  
  47  5:34  SCV  
  48  5:36  SCV  
  49  5:46  SCV  
  49  5:48  Siege Tank  
  53  5:53  Marine  
  54  6:02  Supply Depot x2  
  54  6:05  Supply Depot  
  54  6:19  Medivac, Marine, SCV x2  
  59  6:31  SCV  
  60  6:37  Orbital Command  
  60  6:39  Sensor Tower  
  60  6:51  SCV  
  61  6:58  SCV  
  62  7:03  SCV  
  63  7:10  SCV  
  63  7:15  SCV  
  65  7:17  SCV  
  65  7:21  Marine x2  
  65  7:22  Marine, SCV  
  70  7:23  Siege Tank  
  70  7:27  SCV  
  70  7:29  SCV  
  75  7:34  SCV  
  76  7:37  Refinery  
  76  7:39  Marine x3  
  76  7:42  SCV  
  80  7:44  Barracks  
  80  7:45  Barracks x2  
  80  7:47  Barracks x2  
  80  7:48  Barracks  
  80  7:54  SCV  
  80  7:56  Siege Tank  
  80  7:57  Marine x3  
  87  8:14  Marine, SCV x3  
  87  8:15  Marine  
  92  8:26  SCV  
  93  8:31  Supply Depot  
  93  8:33  Supply Depot  
  93  8:36  Supply Depot  
  93  8:37  Supply Depot  
  93  8:42  Command Center  
  93  8:43  Supply Depot  
  93  8:44  Supply Depot  
  93  8:45  Supply Depot  
  93  8:47  Supply Depot x2  
  93  8:48  Supply Depot  
  93  8:53  Siege Tank, SCV x3, Marauder  
  93  8:54  Barracks Reactor x3, Barracks Tech Lab x3  
  101  9:05  SCV x3  
  104  9:14  Marauder  
  106  9:17  Marine  
  106  9:21  Medivac x2  
  111  9:25  Siege Tank  
  114  9:34  Marine x2  
  114  9:35  Marine x3  
  114  9:36  Marauder x3  
  125  9:51  Medivac x2  
  129  9:57  Siege Tank  
  129  9:58  Orbital Command  
  132  10:06  Marine x2  
  136  10:07  Marine x4, Marauder x3  
  136  10:08  Marine x2, Marauder  
  136  10:10  Terran Infantry Weapons Level 1  
  148  10:21  Viking x2  
  148  10:22  Armory  
  148  10:24  Marine, SCV x4  
  159  10:28  Marauder x2  
  159  10:29  Widow Mine, Marauder x2  
  159  10:30  Marine x2  
  169  10:36  SCV x4  
  173  10:48  SCV x3  
  173  10:49  SCV  
  179  10:50  Marauder  
  179  10:51  Widow Mine  
  181  11:00  SCV x3  
  184  11:06  Orbital Command  
  184  11:09  Command Center  
  184  11:24  Sensor Tower  
  162  12:04  Terran Infantry Armor Level 1  
  162  12:05  Marine x3  
  162  12:06  Marauder x2  
  162  12:07  Medivac x2  
  173  12:14  Terran Vehicle Weapons Level 1  
  173  12:16  Marine  
  173  12:17  Marine x4, Marauder x2  
  182  12:23  Marine x3  
  182  12:24  Orbital Command  
  182  12:27  Marine, Marauder  
  182  12:28  SCV x4  
  192  12:34  Marine x2  
  192  12:35  Marine x3  
  192  12:37  Viking  
  197  12:38  Marine  
  182  13:42  Marine  
  182  13:43  Marine x4, Marauder x2  
  182  13:44  Marauder x2  
  195  13:58  Terran Infantry Weapons Level 2  
  191  14:04  Marauder  
  191  14:08  Terran Ship Weapons Level 1  
  187  14:39  Marine  
  187  14:40  Marine x3, Marauder x2  
  187  14:41  Marine x2, Marauder x2  
  199  15:09  Marine  
  183  16:09  Medivac x2  
  187  16:26  Siege Tank  
  190  16:39  Medivac x2  
  194  16:58  Siege Tank  
  197  17:09  Medivac  
Tags
 
Add a new tag
Caveats
  • Supply blocks, unpowered buildings, or Contaminate may cause inaccurate times.
  • Supply counts are checked every 10 seconds.